 Seeded DCSS version 0.27-a0-1532-gca18f49f40 (webtiles) character file.

Game seed: 20210712 (custom seed)

224 muata the Conjurer (level 6, 0/41 HPs)
             Began as a Human Conjurer on July 12, 2021.
             Was a Follower of Yredelemnul.
             Slain by Pikel (3 damage)
             ... on level 3 of the Dungeon on July 13, 2021.
             The game lasted 00:15:57 (4838 turns).

muata the Conjurer (Human Conjurer)                 Turns: 4838, Time: 00:15:59

Health: 0/41       AC:  5    Str:  7    XL:     6   Next: 20%
Magic:  8/12       EV: 12    Int: 20    God:    Yredelemnul [*.....]
Gold:   71         SH:  0    Dex: 12    Spells: 10/13 levels left

rFire    + . .     SeeInvis .   m - +1 flail (protect)
rCold    x . .     Faith    .   (no shield)
rNeg     . . .     Spirit   .   a - +0 robe
rPois    .         Reflect  .   (no helmet)
rElec    .         Harm     .   f - +0 cloak
rCorr    .         Rampage  .   p - +0 pair of gloves
Will     .....                  n - +0 pair of boots
Stlth    ++........             (no amulet)
HPRegen  0.13/turn              g - ring of fire
MPRegen  0.13/turn              (no ring)

@: no status effects
A: no striking features
a: Renounce Religion, Animate Remains


You were on level 3 of the Dungeon.
You worshipped Yredelemnul.
Yredelemnul was aware of your devotion.
You visited 1 branch of the dungeon, and saw 4 of its levels.

You collected 71 gold pieces.

Inventory:

Hand Weapons
 m - a +1 flail of protection (weapon)
Missiles
 h - 17 poisoned darts
 j - 2 curare-tipped darts
Armour
 a - a +0 robe (worn)
 f - a +0 cloak (worn)
 n - a +0 pair of boots (worn)
 p - a +0 pair of gloves (worn)
Jewellery
 g - a ring of fire (left hand)
Scrolls
 b - 2 scrolls of magic mapping
 d - a scroll of enchant weapon {unknown}
 k - a scroll of summoning {unknown}
 o - a scroll of teleportation {unknown}
 r - a scroll of vulnerability {unknown}
 s - a scroll of fear {unknown}
Potions
 c - 4 potions of curing
 e - a potion of resistance
 i - 2 potions of flight
 l - a potion of lignification {unknown}
 q - a potion of heal wounds {unknown}


   Skills:
 - Level 2.0 Dodging
 - Level 2.0 Stealth
 + Level 4.1 Spellcasting
 + Level 5.7 Conjurations


You had 10 spell levels left.
You knew the following spells:

 Your Spells              Type           Power      Damage    Failure   Level
a - Magic Dart            Conj           100%       1d8       1%          1
b - Searing Ray           Conj           54%        3d5       1%          2

Your spell library contained the following spells:

 Spells                   Type           Power      Damage    Failure   Level
 Dazzling Flash           Conj/Hex       30%        N/A       12%         3
 Freeze                   Ice            16%        1d4       13%         1
 Call Canine Familiar     Summ           4%         N/A       36%         3
 Frozen Ramparts          Ice            8%         1d2       36%         3
 Ozocubu's Armour         Ice            4%         N/A       36%         3
 Portal Projectile        Hex/Tloc       8%         N/A       36%         3
 Summon Guardian Golem    Hex/Summ       4%         N/A       36%         3
 Fulminant Prism          Conj/Hex       7%         3d7       36%         4
 Hailstorm                Conj/Ice       15%        3d5       36%         4
 Iskenderun's Mystic Bla  Conj/Tloc      15%        2d5       36%         4
 Leda's Liquefaction      Hex/Erth       2%         N/A       77%         4
 Orb of Destruction       Conj           13%        9d6       100%        7
 Ozocubu's Refrigeration  Ice            2%         4d5       100%        7
 Spellforged Servitor     Conj/Summ      7%         N/A       100%        7


Dungeon Overview and Level Annotations

Branches:
Dungeon (4/15)
 Temple: D:4-7

Altars:
Elyvilon
Trog
Yredelemnul
Zin

Annotations:
D:3 Pikel


Message History

Aim: Pikel, wielding a +1 whip of flaming and wearing a +0 robe (100% to hit)
The magic dart hits Pikel.
Pikel is lightly wounded.
The lemure barely misses you. The lemure misses you.
Pikel hits you but does no damage.
Unknown command.
Casting: Magic Dart (safe; 1% risk of failure)
Confirm with . or Enter, or press ? or * to list all spells.
Aiming: Magic Dart (safe; 1% risk of failure)
Press: ? - help, Shift-Dir - straight line, f/p - Pikel
Aim: Pikel, wielding a +1 whip of flaming and wearing a +0 robe (lightly wounded, 100% to hit)
The magic dart hits Pikel!
Pikel is lightly wounded.
The lemure barely misses you. The lemure hits you.
Pikel hits you with a +1 whip of flaming.
Unknown command.
Casting: Magic Dart (safe; 1% risk of failure)
Confirm with . or Enter, or press ? or * to list all spells.
Aiming: Magic Dart (safe; 1% risk of failure)
Press: ? - help, Shift-Dir - straight line, f/p - Pikel
Aim: Pikel, wielding a +1 whip of flaming and wearing a +0 robe (lightly wounded, 100% to hit)
The magic dart hits Pikel.
Pikel is moderately wounded.
The lemure closely misses you. The lemure hits you but does no damage.
Pikel hits you with a +1 whip of flaming!
Unknown command.
Casting: Magic Dart (safe; 1% risk of failure)
Confirm with . or Enter, or press ? or * to list all spells.
Aiming: Magic Dart (safe; 1% risk of failure)
Press: ? - help, Shift-Dir - straight line, f/p - Pikel
Aim: Pikel, wielding a +1 whip of flaming and wearing a +0 robe (moderately wounded, 100% to hit)
The magic dart hits Pikel but does no damage.
Pikel is moderately wounded.
The lemure hits you.
* * * LOW HITPOINT WARNING * * *
The lemure hits you.
* * * LOW HITPOINT WARNING * * *
Pikel hits you with a +1 whip of flaming.
You die...
Your body rises from the dead as a mindless zombie.

##.##.####.....##.#.# #.#
#..... .........+.....'..#.#
#.###.....
#####.####.....##.#.#
#......... #.# #.....##.#.#
#.######## #.####.....####.#
#.# #.... #.##............#
#.####.... #.##.#########..#
#.##......
#.#........###..####.##...###
#.#........#@)....##.##†..#
#.#.##.....55K..#.##......#
#.[.............#.####....###
###.##.#####....#.#..........
#.#......#..#.#.###########
#.#..###.#....#.# #........
#.#..#....#...#.# #.#######
#.#..#.#..###.#.###.#...<.#
#.#..#.#..# #.#............


You could see Pikel and 2 lemures.

Vanquished Creatures
  An ogre (D:3)
  A lemure (D:3)
  An orc wizard (D:4)
  A hound skeleton (D:4)
  2 adders
  A worm (D:4)
  2 dart slugs
  7 orcs
  6 ball pythons
  5 endoplasms
  2 giant cockroaches
  6 goblins
  7 hobgoblins
  9 jackals
  2 quokkas (D:3)
  3 bats
  5 frilled lizards
  2 kobolds
  A rat (D:1)
64 creatures vanquished.

Vanquished Creatures (others)
  5 fungi (D:1)
  4 plants (D:1)
9 creatures vanquished.

Grand Total: 73 creatures vanquished

Notes
Turn   | Place    | Note
-------+----------+-------------------------------------------
     0 | D:1      | muata the Human Conjurer began the quest for the Orb.
     0 | D:1      | Reached XP level 1. HP: 13/13 MP: 3/3
   230 | D:1      | Reached XP level 2. HP: 19/19 MP: 0/5
   831 | D:1      | Found a faded altar of an unknown god.
  1082 | D:2      | Reached XP level 3. HP: 24/24 MP: 4/6
  1085 | D:2      | Learned a level 2 spell: Searing Ray
  2213 | D:3      | Found a glowing silver altar of Zin.
  2229 | D:3      | Found a white marble altar of Elyvilon.
  2232 | D:3      | Found a basalt altar of Yredelemnul.
  2236 | D:3      | Became a worshipper of Yredelemnul the Dark
  2240 | D:3      | Found a bloodstained altar of Trog.
  2438 | D:3      | Noticed an ogre
  2445 | D:3      | Killed an ogre
  2446 | D:3      | Reached skill level 5 in Conjurations
  2446 | D:3      | Reached XP level 4. HP: 12/30 MP: 0/9
  2446 | D:3      | Reached XP level 5. HP: 14/35 MP: 0/10
  4520 | D:4      | Reached XP level 6. HP: 41/41 MP: 7/12
  4623 | D:4      | Reached * piety under Yredelemnul
  4745 | D:4      | Noticed Pikel
  4838 | D:3      | Slain by Pikel

Illustrated notes

Levels and vault maps discovered:
D:1:      dpeg_arrival_simpleton_b, layout_basic,
          shapermc_ecumenical_altar_mp_urbaneastern
D:2:      layout_loops_corners, bh_walls_and_bars
D:3:      minmay_evil_eye, layout_basic, minitemple, minmay_vboxes
D:4:      layout_cave_pools, serial_shops, shop, supply_closet_lemuel,
          minivault_23, kennysheep_generic_room_5, uniq_pikel

Skill      XL: |  1  2  3  4  5 |
---------------+----------------+-----
Spellcasting   | 3 4 |  4.1
Conjurations   | 5 |  5.7
Dodging        | |  2.0
Stealth        | |  2.0

Action                   |  1- 3 |  4- 6 || total
-------------------------+-------+-------++-------
Melee: Unarmed           |     1 |       ||     1
       Flail             |       |     7 ||     7
 Cast: Magic Dart        |    64 |    96 ||   160
  Use: Scroll            |       |     4 ||     4
       Potion            |       |     1 ||     1
Armor: Robe              |       |    46 ||    46
Dodge: Dodged            |     3 |    63 ||    66

Table legend: (Time is in decaauts)
 A = Elapsed time spent in this place.
 B = Non-inter-level travel time spent in this place.
 C = Inter-level travel time spent in this place.
 D = Time resting spent in this place.
 E = Time spent auto-exploring this place.
 F = Levels seen in this place.
 G = Mean time per level.
                   A        B        C        D        E       F      G
               +--------+--------+--------+--------+--------+-----+--------+
         Total |   4844 |   4660 |    184 |   1276 |   2804 |   4 | 1211.0 |
       Dungeon |   4844 |   4660 |    184 |   1276 |   2804 |   4 | 1211.0 |
               +--------+--------+--------+--------+--------+-----+--------+

Top non-repeatable levels by time:
     D:3: 2389 daAuts
     D:1: 1079 daAuts
     D:2: 1065 daAuts
     D:4: 310 daAuts
